 Dungeon Crawl Stone Soup version 0.24-a0-243-g8f5f5cd (webtiles) character file.

Game seed: 6523690552092528124

788 sagitran the Cleaver (level 7, -8/61 HPs)
             Began as a Hill Orc Monk on Apr 9, 2019.
             Was a Follower of Beogh.
             Mangled by an orc warrior
             ... wielding a +0 short sword
              (15 damage)
             ... on level 6 of the Dungeon.
             The game lasted 00:16:28 (3412 turns).

sagitran the Cleaver (Hill Orc Monk)                Turns: 3412, Time: 00:16:28

Health: -8/61      AC:  7    Str: 14    XL:     7   Next: 87%
Magic:  7/7        EV: 14    Int: 14    God:    Beogh [*.....]
Gold:   296        SH:  0    Dex: 14    Spells: 1/6 levels left

rFire    . . .     SeeInvis .   a - +0 hand axe
rCold    + . .     Gourm    .   (no shield)
rNeg     + . .     Faith    .   o - +2 robe {rC+}
rPois    .         Spirit   .   l - +0 helmet
rElec    .         Reflect  .   x - +0 cloak
rCorr    .         Harm     .   h - +0 pair of gloves
MR       .....                  (no boots)
Stlth    +.........             (no amulet)
HPRegen  0.20/turn              f - ring of positive energy
MPRegen  0.10/turn              p - +3 ring of intelligence

@: confused
A: no striking features
a: Renounce Religion


You were on level 6 of the Dungeon.
You worshipped Beogh.
Beogh was aware of your devotion.
You were not hungry.

You visited 1 branch of the dungeon, and saw 6 of its levels.

You collected 296 gold pieces.

Inventory:

Hand Weapons
 a - a +0 hand axe (weapon)
Armour
 b - a +0 robe
 h - a +0 pair of gloves (worn)
 l - a +0 helmet (worn)
 o - a +2 robe of cold resistance (worn)
 x - a +0 cloak (worn)
Jewellery
 f - a ring of positive energy (left hand)
 p - a +3 ring of intelligence (right hand)
Wands
 q - a wand of random effects (34)
 t - a wand of enslavement (6)
 u - a wand of flame (9)
Scrolls
 d - 4 scrolls of remove curse
 e - 2 scrolls of enchant armour
 s - 3 scrolls of magic mapping
 v - a scroll of fear {unknown}
 y - a scroll of immolation {unknown}
 z - a scroll of fog {unknown}
 A - a scroll of identify
Potions
 g - 2 potions of brilliance
 k - a potion of agility
 m - 2 potions of flight
 n - 2 potions of curing
 r - 3 potions of lignification {unknown}
 B - a potion of haste {unknown}
Comestibles
 c - 16 rations


   Skills:
 + Level 5.5 Fighting
 + Level 8.7 Axes
 + Level 4.2 Dodging
 + Level 2.6 Stealth
 + Level 0.1 Spellcasting
 + Level 0.1 Translocations
 + Level 0.1 Evocations


You had one spell level left.
You knew the following spells:

 Your Spells              Type           Power        Failure   Level  Hunger
a - Blink                 Tloc           N/A          38%         2    ###....
b - Magic Dart            Conj           #...         28%         1    ##.....
c - Call Imp              Summ           #.......     41%         2    ###....

Your spell library contained the following spells:

 Spells                   Type           Power        Failure   Level  Hunger
 Apportation              Tloc           #.....       26%         1    ##.....
 Animate Skeleton         Necr           N/A          28%         1    ##.....
 Confusing Touch          Hex            #.....       28%         1    ##.....
 Summon Small Mammal      Summ           #...         28%         1    ##.....
 Slow                     Hex            #.......     41%         2    ###....
 Conjure Flame            Conj/Fire      #.......     65%         3    ####...
 Mephitic Cloud           Conj/Pois/Air  #.......     65%         3    ####...


Dungeon Overview and Level Annotations

Branches:
Dungeon (6/15)             Temple (0/1) D:5

Altars:
Ashenzari
Elyvilon
Makhleb
Wu Jian

Annotations:
D:2 1 runed translucent door, Crazy Yiuf
D:4 2 transporters


Message History

The orc warrior is severely wounded.
The orc warrior barely misses you.
You hit the orc warrior but do no damage.
The orc warrior is severely wounded.
The orc warrior hits you with a +0 short sword!
* * * LOW HITPOINT WARNING * * *
You hit the orc warrior.
The orc warrior is severely wounded.
You closely miss the orc warrior.
The orc warrior is severely wounded.
The orc warrior hits you with a +0 short sword!
* * * LOW HITPOINT WARNING * * *
You are confused.
You feel invigorated.
The orc warrior hits you with a +0 short sword!
* * * LOW HITPOINT WARNING * * *
You bump into the rock wall.
The orc warrior hits you with a +0 short sword!
You die...
Beogh appreciates the orc warrior's killing of a heretic priest. ##.......## #.........# +.........+ #.........# #.......# #..oZ.# #oaW#

#o# #. #@# #. #.# #.
#######.### #.
#.........#### #.
#.###........# ##.##
#.# ##.........
#...###.###.#.#....##
#.................##
#...###.###.#.#.###


You could see a phantom, an orc warrior, a worker ant, 2 orc priests and a
jackal skeleton.

Vanquished Creatures
  Menkaure (D:5)
  An ice beast (D:5)
  An ogre (D:4)
  A howler monkey (D:5)
  A crimson imp (D:5)
  2 hounds
  A centaur skeleton (D:4)
  Jessica (D:2)
  A bullfrog skeleton (D:4)
  Natasha (thrice) (D:3)
  An orc wizard (D:4)
  A worker ant (D:4)
  A hound zombie (D:6)
  A howler monkey zombie (D:5)
  5 adders
  A shadow imp (D:6)
  An adder skeleton (D:4)
  3 dart slugs
  A worm (D:3)
  5 leopard geckos
  8 orcs
  3 giant cockroaches
  8 goblins
  A hobgoblin (D:1)
  3 jackals
  4 quokkas
  A ball python skeleton (D:5)
  6 bats
  3 frilled lizards
  5 kobolds
  A leopard gecko zombie (D:5)
  6 rats
82 creatures vanquished.

Notes
Turn   | Place    | Note
-------+----------+-------------------------------------------
     0 | D:1      | sagitran the Hill Orc Monk began the quest for the Orb.
     0 | D:1      | Reached XP level 1. HP: 19/19 MP: 1/1
    60 | D:1      | Reached XP level 2. HP: 21/27 MP: 2/2
   871 | D:2      | Reached XP level 3. HP: 29/33 MP: 3/3
   991 | D:2      | Noticed Jessica
  1005 | D:2      | Learned a level 2 spell: Blink
  1025 | D:2      | Killed Jessica
  1025 | D:2      | Reached skill level 5 in Axes
  1025 | D:2      | Reached XP level 4. HP: 30/40 MP: 2/4
  1077 | D:2      | Learned a level 1 spell: Magic Dart
  1271 | D:2      | Found a runed translucent door.
  1272 | D:2      | Noticed Crazy Yiuf
  1314 | D:3      | Noticed Natasha
  1323 | D:3      | Killed Natasha
  1365 | D:3      | Found a burning altar of Makhleb.
  1375 | D:3      | Reached skill level 6 in Axes
  1375 | D:3      | Reached XP level 5. HP: 33/46 MP: 5/5
  1469 | D:3      | Noticed Natasha
  1484 | D:3      | Killed Natasha
  1645 | D:3      | Noticed Natasha
  1666 | D:3      | Killed Natasha
  1744 | D:4      | Noticed a yak
  1755 | D:4      | Reached XP level 6. HP: 28/53 MP: 6/6
  1760 | D:4      | Found a shattered altar of Ashenzari.
  1761 | D:4      | Found a transporter.
  1762 | D:4      | Noticed a yak
  1778 | D:4      | Found a transporter.
  2075 | D:4      | Learned a level 2 spell: Call Imp
  2083 | D:4      | Found an ornate altar of the Wu Jian Council.
  2138 | D:4      | Reached skill level 7 in Axes
  2539 | D:4      | Reached XP level 7. HP: 51/60 MP: 7/7
  2646 | D:5      | Entered Level 5 of the Dungeon
  2672 | D:5      | Reached skill level 5 in Fighting
  2700 | D:5      | Reached skill level 8 in Axes
  2780 | D:5      | Noticed Menkaure
  2788 | D:5      | Killed Menkaure
  2883 | D:5      | Found a staircase to the Ecumenical Temple.
  3039 | D:5      | Found a white marble altar of Elyvilon.
  3329 | D:6      | Became a worshipper of Beogh the Brigand
  3329 | D:6      | Reached * piety under Beogh
  3329 | D:6      | Reached ** piety under Beogh
  3410 | D:6      | HP: 3/61 [orc warrior/+0 short sword (14)]
  3412 | D:6      | Mangled by an orc warrior

Levels and vault maps discovered:
D:1:      dpeg_arrival_tiny_i, layout_basic, minmay_octomino_e4
D:2:      layout_rooms, uniq_jessica, uniq_crazy_yiuf_cottage
D:3:      cheibrodos_helix_gallery, layout_rooms, makhleb_heckhound_becter,
          uniq_natasha
D:4:      layout_loops_ring, gammafunk_temple_overflow_arena, first_ration
D:5:      layout_cave_pools, nicolae_overflow_crystal_walls,
          minmay_temple_entry_poolview, uniq_menkaure
D:6:      layout_loops_corners, serial_shops, nicolae_shop_trees

Skill      XL: |  1  2  3  4  5  6  7 |
---------------+----------------------+-----
Fighting       | 4 5 |  5.5
Axes           | 5 6 7 8 |  8.7
Dodging        | 3 4 |  4.2
Stealth        | 2 |  2.6
Spellcasting   | |  0.1
Translocations | |  0.1
Evocations     | |  0.1

Action                   |  1- 3 |  4- 6 |  7- 9 || total
-------------------------+-------+-------+-------++-------
Melee: Hand axe          |    67 |   169 |   117 ||   353
 Cast: Blink             |     1 |       |       ||     1
Invok: Smiting           |       |       |     1 ||     1
       Convert to Beogh  |       |       |     1 ||     1
Evoke: Wand              |       |       |     4 ||     4
  Use: Potion            |     1 |     1 |     4 ||     6
       Scroll            |       |     8 |       ||     8
 Stab: Sleeping          |     1 |     3 |     1 ||     5
  Eat: Chunk             |       |     2 |     3 ||     5
       Ration            |       |     1 |       ||     1
Armor: Robe              |    15 |    53 |    29 ||    97
Dodge: Dodged            |    66 |    96 |    70 ||   232

Table legend:
 A = Non-vault XP
 B = Vault XP
 C = Vault XP percentage of total XP
 D = Non-vault monster count
 E = Vault monster count
 F = Vault count percentage of total count
                 A         B        C        D         E       F
            +---------+---------+-------+---------+---------+-------
      Total |     826 |     301 |  26.7 |      72 |      10 |  12.2
            +---------+---------+-------+---------+---------+-------
        D:1 |      20 |       6 |  23.1 |      12 |       4 |  25.0
        D:2 |      28 |      37 |  56.9 |      15 |       1 |   6.2
        D:3 |      95 |      83 |  46.6 |      12 |       4 |  25.0
        D:4 |     351 |       0 |   0.0 |      16 |       0 |   0.0
        D:5 |     282 |     175 |  38.3 |      12 |       1 |   7.7
        D:6 |      50 |       0 |   0.0 |       5 |       0 |   0.0
            +---------+---------+-------+---------+---------+-------
